 Dungeon Crawl Stone Soup version 0.29.1-1-gd02db6906a (webtiles) character file.

Game seed: 7881634273144198633

843 jamesp the Conjurer (level 7, -3/40 (50) HPs)
             Began as a Red Draconian Conjurer on Oct 6, 2022.
             Slain by GigaChad's ghost (10 damage)
             ... on level 5 of the Dungeon.
             The game lasted 00:12:29 (4146 turns).

jamesp the Conjurer (Red Draconian Conjurer)        Turns: 4146, Time: 00:12:30

HP:   -3/40 (50)    AC:  7    Str:  9    XL:     7   Next: 68%
MP:   13/13         EV: 12    Int: 27    God:
Gold: 178           SH:  3    Dex:  9    Spells: 11/14 levels left

rFire   + . .      SeeInvis .   p - +12 spear "Qystririw" {vorpal, rPois Will+}
rCold   . . .      Faith    .   i - +0 buckler
rNeg    . . .      Spirit   .   (body armour unavailable)
rPois   +          Reflect  .   (helmet restricted)
rElec   .          Harm     .   w - +0 cloak
rCorr   .          Rampage  .   (no gloves)
Will    +....                   (no boots)
Stlth   ++........              (no amulet)
HPRegen 0.13/turn               t - +6 ring of intelligence
MPRegen 0.13/turn               z - ring of flight

@: flying, heavily drained
A: breathe fire, AC +6, unfitting armour, fire resistance 1, cold-blooded
a: Breathe Fire


You were on level 5 of the Dungeon.
You visited 1 branch of the dungeon, and saw 5 of its levels.

You collected 178 gold pieces.

Inventory:

Hand Weapons
 j - a +0 sling
 k - a +0 dagger
 o - a +0 club
 p - the +12 spear "Qystririw" (weapon) {vorpal, rPois Will+}
   (You found it on level 2 of the Dungeon)

   It inflicts extra damage upon your enemies.
   rPois:     It protects you from poison.
   Will:      It increases your willpower.
Missiles
 c - 56 stones
 h - 14 poisoned darts
 y - 2 throwing nets
Armour
 i - a +0 buckler (worn)
 w - a +0 cloak (worn)
Jewellery
 t - a +6 ring of intelligence (left hand)
 z - a ring of flight (right hand)
Wands
 x - a wand of mindburst (17)
 A - a wand of flame (10)
Scrolls
 b - a scroll of blinking {unknown}
 d - a scroll of enchant armour {unknown}
 e - a scroll of vulnerability {unknown}
 g - 4 scrolls of identify {unknown}
 l - a scroll of poison {unknown}
 m - a scroll of teleportation {unknown}
 n - 2 scrolls of summoning {unknown}
 u - a scroll of amnesia {unknown}
 B - 2 scrolls of immolation {unknown}
Potions
 a - a potion of magic
 q - 2 potions of mutation {unknown}
 r - a potion of heal wounds {unknown}
 s - 2 potions of brilliance {unknown}
 v - a potion of degeneration {unknown}


   Skills:
 * Level 5.2 Polearms
 - Level 3.0 Dodging
 - Level 1.7 Stealth
 + Level 1.1 Shields
 + Level 4.2 Spellcasting
 + Level 5.9 Conjurations


You had 11 spell levels left.
You knew the following spells:

 Your Spells              Type           Power      Damage    Failure   Level
a - Magic Dart            Conj           100%       1d8       1%          1
b - Searing Ray           Conj           74%        2d7       1%          2

Your spell library contained the following spells:

 Spells                   Type           Power      Damage    Failure   Level
 Dazzling Flash           Conj/Hex       42%        N/A       9%          3
 Tukima's Dance           Hex            5%         N/A       30%         3
 Fulminant Prism          Conj/Hex       10%        3d9       30%         4
 Iskenderun's Mystic Bla  Conj/Tloc      21%        2d6       30%         4
 Passage of Golubria      Tloc           5%         N/A       71%         4
 Yara's Violent Unravell  Hex/Tmut       2%         3d3       96%         5


Dungeon Overview and Level Annotations

Branches:
Dungeon (5/15)
 Temple: D:4-7

Altars:

Shops:
D:2 !

Annotations:
D:5 GigaChad's ghost, novice MiFi


Innate Abilities, Weirdness & Mutations

You can breathe blasts of fire.
Your fiery red scales are hard. (AC +6)
You cannot fit into any form of body armour.
Your flesh is heat resistant. (rF+)
You are cold-blooded and may be slowed by cold attacks.


Message History

GigaChad's ghost barely misses you.
You hit GigaChad's ghost but do no damage.
You tail-slap GigaChad's ghost, but do no damage.
GigaChad's ghost is lightly damaged.
You hit GigaChad's ghost but do no damage.
GigaChad's ghost is lightly damaged.
You block GigaChad's ghost's attack.
You hit GigaChad's ghost but do no damage.
GigaChad's ghost is lightly damaged.
GigaChad's ghost hits you!
You feel drained.
You hit GigaChad's ghost but do no damage.
You tail-slap GigaChad's ghost, but do no damage.
GigaChad's ghost is lightly damaged.
GigaChad's ghost hits you!
* * * LOW HITPOINT WARNING * * *
You feel drained.
* * * LOW HITPOINT WARNING * * *
Okay, then.
GigaChad's ghost attacks as you move away!
GigaChad's ghost misses you.
You feel better. You block GigaChad's ghost's attack.
You closely miss GigaChad's ghost.
You tail-slap GigaChad's ghost, but do no damage.
GigaChad's ghost is lightly damaged.
GigaChad's ghost hits you.
* * * LOW HITPOINT WARNING * * *
You feel drained.
* * * LOW HITPOINT WARNING * * *
You puncture GigaChad's ghost!
You tail-slap GigaChad's ghost, but do no damage.
GigaChad's ghost is lightly damaged.
You hit GigaChad's ghost.
You tail-slap GigaChad's ghost, but do no damage.
GigaChad's ghost is moderately damaged.
GigaChad's ghost hits you but does no damage.
You feel drained.
You hit GigaChad's ghost but do no damage.
GigaChad's ghost is moderately damaged.
GigaChad's ghost hits you!
You die...

#.................
###...##.......####.
#.....###..........
#.............###
#.....#.#.......#
###.#.#.#.##.##.# #
#...........# #
##.#####.#..####.##.
#. #..#.@.....).. ##
#.##.W...#.?. ..
#.#†#.# .## ###~###
>. ##~## ## #~# #~#
#$# #~#


You could see GigaChad's ghost.

Vanquished Creatures
  Grinder (D:4)
  Menkaure (D:4)
  Duvessa (D:4)
  A phantom (D:5)
  A scorpion (D:5)
  Dowan (D:4)
  2 hounds (D:4)
  An orc priest (D:3)
  An orc wizard (D:3)
  4 gnolls (D:4)
  3 adders
  A dart slug (D:3)
  5 orcs
  7 ball pythons
  4 endoplasms
  4 giant cockroaches
  7 goblins
  6 hobgoblins
  2 quokkas
  2 bats
  5 frilled lizards
  5 kobolds
  10 rats
75 creatures vanquished.

Vanquished Creatures (others)
  7 fungi (D:3)
  3 plants (D:3)
10 creatures vanquished.

Grand Total: 85 creatures vanquished

Notes
Turn   | Place    | Note
-------+----------+-------------------------------------------
     0 | D:1      | jamesp the Draconian Conjurer began the quest for the Orb.
     0 | D:1      | Reached XP level 1. HP: 14/14 MP: 3/3
   443 | D:1      | Reached XP level 2. HP: 20/20 MP: 0/5
   957 | D:2      | Found Puoriog's Distillery.
  1393 | D:2      | Reached XP level 3. HP: 23/26 MP: 2/6
  1536 | D:2      | Identified the +12 spear "Qystririw" {vorpal, rPois Will+}
  1997 | D:3      | Reached skill level 1 in Polearms
  1997 | D:3      | Reached XP level 4. HP: 10/33 MP: 5/8
  2293 | D:3      | Found a faded altar of an unknown god.
  2631 | D:4      | Noticed Grinder
  2724 | D:4      | Paralysed by Grinder for 3 turns
  2728 | D:4      | Killed Grinder
  2729 | D:4      | Reached skill level 5 in Conjurations
  2729 | D:4      | Reached XP level 5. HP: 19/38 MP: 7/10
  2729 | D:4      | Reached XP level 6. HP: 22/45 MP: 7/11
  2758 | D:4      | Noticed Duvessa
  2921 | D:3      | Learned a level 2 spell: Searing Ray
  3157 | D:4      | Noticed Menkaure
  3163 | D:4      | Killed Menkaure
  3303 | D:4      | Noticed Dowan
  3313 | D:4      | Killed Duvessa
  3313 | D:4      | Killed Dowan
  3314 | D:4      | Your scales start taking on a fiery red colour.
  3314 | D:4      | Reached XP level 7. HP: 33/50 MP: 4/13
  3314 | D:4      | Gained mutation: Your flesh is heat resistant. (rF+) [Red
                  | Draconian growth]
  4063 | D:5      | Entered Level 5 of the Dungeon
  4071 | D:5      | Reached skill level 5 in Polearms
  4118 | D:5      | Found a runed translucent door.
  4122 | D:5      | Noticed GigaChad's ghost (novice MiFi)
  4128 | D:5      | Reached skill level 1 in Shields
  4146 | D:5      | Slain by GigaChad's ghost

Illustrated notes

Levels and vault maps discovered:
D:1:      sevenhm_arrival_forest_fort_large_2, layout_loops_cross
D:2:      layout_rooms, serial_shops, nicolae_shop_trees,
          hangedman_feature_mirror
D:3:      layout_loops_cross, shapermc_ecumenical_altar_hornbeckon,
          minmay_misc_feat_secret_circle, hangedman_abyss_or_decor_stabs
D:4:      layout_basic, uniq_grinder, uniq_menkaure, uniq_duvessa
D:5:      layout_basic, ebering_ghost_sewer_d

Skill      XL: |  1  2  3  4  5  6  7 |
---------------+----------------------+-----
Dodging        | 2 3 |  3.0
Polearms       | 1 3 4 5 |  5.2
Spellcasting   | 3 4 |  4.2
Conjurations   | 5 |  5.9
Shields        | 1 |  1.1
Stealth        | |  1.7

Action                   |  1- 3 |  4- 6 |  7- 9 || total
-------------------------+-------+-------+-------++-------
Melee: Unarmed           |     1 |       |       ||     1
       Spear             |     9 |    27 |    30 ||    66
       Tailslap          |     2 |     4 |     7 ||    13
 Cast: Magic Dart        |    66 |    24 |     4 ||    94
       Searing Ray       |       |     2 |       ||     2
  Use: Potion            |     1 |     2 |     1 ||     4
 Stab: Distracted        |     1 |       |       ||     1
       Sleeping          |       |     1 |     1 ||     2
Armor: Skin              |     2 |     7 |     7 ||    16
Dodge: Dodged            |     6 |     7 |     4 ||    17
Block: Buckler           |       |     2 |     2 ||     4
